 Dungeon Crawl Stone Soup version 0.25-a0-663-gace7076f2c (webtiles) character file.

Game seed: 9410574321042257743, levelgen mode: deterministic

77 n0claF the Skirmisher (level 4, -1/40 HPs)
             Began as a Hill Orc Fighter on Mar 25, 2020.
             Slain by a worm (4 damage)
             ... on level 2 of the Dungeon.
             The game lasted 00:03:11 (1229 turns).

n0claF the Skirmisher (Hill Orc Fighter)            Turns: 1229, Time: 00:03:12

Health: -1/40      AC: 11    Str: 19    XL:     4   Next: 34%
Magic:  4/4        EV:  7    Int:  8    God:
Gold:   108        SH:  9    Dex: 10    Spells: 3/3 levels left

rFire    . . .     SeeInvis .   a - +0 war axe
rCold    + + .     Gourm    .   c - +0 kite shield
rNeg     . . .     Faith    .   b - +0 scale mail
rPois    .         Spirit   .   (no helmet)
rElec    .         Reflect  .   (no cloak)
rCorr    .         Harm     .   (no gloves)
MR       .....                  (no boots)
Stlth    ..........             (no amulet)
HPRegen  0.13/turn              (no ring)
MPRegen  0.09/turn              (no ring)

@: no status effects
A: iridescent scales 1, molten scales 1, cold resistance 2
a: no special abilities


You were on level 2 of the Dungeon.
You were not hungry.

You visited 1 branch of the dungeon, and saw 2 of its levels.

You collected 108 gold pieces.

Inventory:

Hand Weapons
 a - a +0 war axe (weapon)
Armour
 b - a +0 scale mail (worn)
 c - a +0 kite shield (worn)
Scrolls
 g - 4 scrolls of identify {unknown}
Potions
 d - a potion of might
Comestibles
 e - 3 rations {!d}
 h - 11 chunks of flesh


   Skills:
 + Level 4.2 Fighting
 * Level 4.2 Axes
 + Level 3.8 Armour
 + Level 3.8 Shields


You had 3 spell levels left.
You didn't know any spells.
Your spell library was empty.

Dungeon Overview and Level Annotations

Branches:
Dungeon (2/15)

Altars:


Innate Abilities, Weirdness & Mutations

You are partially covered in iridescent scales. (AC +2)
You are partially covered in molten scales. (AC +2)
Your flesh is very cold resistant. (rC++)


Message History

Natasha extends her claws.
You hit the adder. You block the adder's attack. x2
You slash the adder! The adder bites you.
You are poisoned.
The adder poisons you! The adder barely misses you.
You closely miss the adder.
You feel sick.
The adder bites you but does no damage. x2
You slash the adder!
You kill the adder!
Your Axes skill increases to level 4!
The bat hits you but does no damage. The bat barely misses you.
Natasha mumbles some strange words.
The bat hits you but does no damage.
You slash the bat!
You kill the bat!
You feel sick. Natasha claws you!
You hit Natasha. Natasha claws you.
* * * LOW HITPOINT WARNING * * *
You closely miss Natasha. Natasha closely misses you.
The crimson imp blinks!
Natasha stares at you and mumbles some strange words.
You feel yourself slow down.
You slash Natasha!
You kill Natasha!
Natasha screams in fury as she dies!
The white imp disappears in a puff of smoke!
You have reached level 4!
You feel sick.
You barely miss the worm. The worm bites you.
* * * LOW HITPOINT WARNING * * *
You hit the worm.
You feel sick.
You are no longer poisoned.
The worm bites you but does no damage. The worm barely misses you.
You completely miss the worm. The worm barely misses you.
You hit the worm. The worm closely misses you.
You barely miss the worm. The worm closely misses you.
You hit the worm. The worm bites you but does no damage. The worm bites you.
* * * LOW HITPOINT WARNING * * *
You hit the worm. You block the worm's attack.
You hit the worm.
You feel yourself speed up. The worm bites you.
* * * LOW HITPOINT WARNING * * *
It was a potion of mutation.
You feel extremely strange.
Iridescent scales grow over part of your body.
You feel resistant to cold.
Molten scales grow over part of your body.
You feel more resistant to cold. The worm barely misses you.
You barely miss the worm. The worm bites you.
You die...

.........# .........#
.........# .........#
.........#
.........######
..............#
######[#####.#
#.###..@####'###
#...#.##w.......
###.#...........
.##.###.........
#####.##...#.........
#<..#.####.#.........
#...#.####.##.......(
#.....#....##........
#..[..#.#####........


You could see a worm.

Vanquished Creatures
  Natasha (D:2)
  2 adders (D:2)
  A ball python (D:1)
  9 bats
  2 giant cockroaches (D:1)
  2 goblins
  4 hobgoblins
  3 jackals (D:2)
  A frilled lizard (D:1)
  5 kobolds (D:1)
  4 rats (D:1)
34 creatures vanquished.

Notes
Turn   | Place    | Note
-------+----------+-------------------------------------------
     0 | D:1      | n0claF the Hill Orc Fighter began the quest for the Orb.
     0 | D:1      | Reached XP level 1. HP: 19/19 MP: 1/1
   136 | D:1      | Reached XP level 2. HP: 18/27 MP: 2/2
   730 | D:1      | Reached XP level 3. HP: 31/33 MP: 3/3
  1204 | D:2      | Noticed Natasha
  1219 | D:2      | Killed Natasha
  1219 | D:2      | Reached XP level 4. HP: 18/40 MP: 4/4
  1227 | D:2      | HP: 2/40 [worm (6)]
  1228 | D:2      | Gained mutation: You are partially covered in iridescent
                  | scales. (AC +2) [potion of mutation]
  1228 | D:2      | Gained mutation: Your flesh is cold resistant. (rC+)
                  | [potion of mutation]
  1228 | D:2      | Gained mutation: You are partially covered in molten
                  | scales. (AC +2) [potion of mutation]
  1228 | D:2      | Gained mutation: Your flesh is very cold resistant. (rC++)
                  | [potion of mutation]
  1229 | D:2      | Slain by a worm

Levels and vault maps discovered:
D:1:      erik_arrival_cave_to_civilisation [erik_arrival_cave_to_temple],
          layout_basic, corexii_corridor_pit
D:2:      layout_basic, lemuel_zombie_altar_yredelemnul,
          overflow_temple_1_default, uniq_natasha

Skill      XL: |  1  2  3 |
---------------+----------+-----
Axes           | 3 4 |  4.2
Fighting       | 4 |  4.2
Armour         | |  3.8
Shields        | |  3.8

Action                   |  1- 3 |  4- 6 || total
-------------------------+-------+-------++-------
Melee: War axe           |   137 |     9 ||   146
  Use: Potion            |       |     1 ||     1
  Eat: Chunk             |     1 |       ||     1
Armor: Scale mail        |    78 |     2 ||    80
Dodge: Dodged            |    41 |     5 ||    46
Block: Kite shield       |    82 |     1 ||    83

Table legend:
 A = Non-vault XP
 B = Vault XP
 C = Vault XP percentage of total XP
 D = Non-vault monster count
 E = Vault monster count
 F = Vault count percentage of total count
                 A         B        C        D         E       F
            +---------+---------+-------+---------+---------+-------
      Total |      72 |      39 |  35.1 |      31 |       3 |   8.8
            +---------+---------+-------+---------+---------+-------
        D:1 |      34 |       4 |  10.5 |      23 |       2 |   8.0
        D:2 |      38 |      35 |  47.9 |       8 |       1 |  11.1
            +---------+---------+-------+---------+---------+-------
